 Dungeon Crawl Stone Soup version 0.29.1-1-gd02db6906a (webtiles) character file.

Game seed: 5553465579533871584

464 xian the Magician (level 7, -1/48 HPs)
             Began as a Djinni Fire Elementalist on Sept 24, 2022.
             Shot with an arrow by a centaur (11 damage)
             ... on level 7 of the Dungeon.
             The game lasted 00:12:14 (4735 turns).

xian the Magician (Djinni Fire Elementalist)        Turns: 4735, Time: 00:12:15

Health: -1/48      AC:  2    Str: 13    XL:     7   Next: 29%
Gold:   172        EV: 13    Int: 18    God:
                   SH:  0    Dex: 14

rFire   + + +      SeeInvis .   n - +2 sling (vorpal)
rCold   x x .      Faith    .   (no shield)
rNeg    . . .      Spirit   .   a - +0 robe
rPois   ∞          Reflect  .   (no helmet)
rElec   .          Harm     .   (no cloak)
rCorr   .          Rampage  .   (no gloves)
Will    .....                   (boots unavailable)
Stlth   ++........              (no amulet)
HPRegen 0.16/turn               b - +6 ring of strength
MPRegen 0.00/turn               f - ring of fire

@: flying
A: sickness immunity, fire resistance 2, cold vulnerability 1, float, innate
caster, HP casting, extra vitality 1
a: no special abilities


You were on level 7 of the Dungeon.
You visited 1 branch of the dungeon, and saw 5 of its levels.

You collected 172 gold pieces.

Inventory:

Hand Weapons
 d - a +1 vampiric dagger
 n - a +2 vorpal sling (weapon)
Missiles
 g - 8 poisoned darts
 x - 5 boomerangs
Armour
 a - a +0 robe (worn)
 u - a +0 chain mail
Jewellery
 b - a +6 ring of strength (left hand)
 f - a ring of fire (right hand)
Wands
 w - a wand of mindburst (16)
Scrolls
 h - a scroll of enchant armour
 i - a scroll of poison {unknown}
 j - a scroll of silence {unknown}
 l - a scroll of torment {unknown}
 o - a scroll of vulnerability
 p - a scroll of teleportation {unknown}
 v - 6 scrolls of fog {unknown}
Potions
 c - 3 potions of degeneration {unknown}
 e - 3 potions of curing {unknown}
 k - a potion of mutation {unknown}
 m - a potion of might {unknown}
 q - a potion of ambrosia {unknown}
 r - 3 potions of brilliance {unknown}
 s - a potion of flight {unknown}
 t - 2 potions of haste {unknown}


   Skills:
 + Level 1.8 Fighting
 + Level 0.3 Short Blades
 + Level 3.1 Ranged Weapons
 + Level 3.3 Dodging
 + Level 2.3 Stealth
 + Level 0.7 Unarmed Combat
 + Level 4.0 Spellcasting


You couldn't memorise any spells.
You knew the following spells:

 Your Spells              Type           Power      Damage    Failure   Level
a - Foxfire               Conj/Fire      100%       2x1d9     2%          1
b - Scorch                Fire           54%        2d7       4%          2
c - Conjure Flame         Conj/Fire      27%        6-21      9%          3
d - Inner Flame           Hex/Fire       27%        N/A       9%          3
e - Flame Wave            Conj/Fire      27%        2d9       28%         4
f - Summon Small Mammal   Summ           72%        N/A       2%          1
g - Searing Ray           Conj           36%        2d5       4%          2
h - Portal Projectile     Hex/Tloc       36%        N/A       9%          3
Your spell library was empty.

Dungeon Overview and Level Annotations

Branches:
Dungeon (4/15)
 Temple: D:4-7

Altars:
Ashenzari
Qazlal

Shops:
D:3 *

Annotations:
D:3 Great shop


Innate Abilities, Weirdness & Mutations

You are immune to sickness and miasma.
You are immune to poison.
Your flesh is very heat resistant. (rF++)
You are vulnerable to cold. (rC-)
You float through the air rather than walking.
You learn spells naturally, not from books.
Your magical power is your life essence.
You have superior vitality. (+4 MHP)


Message History

The bullfrog's fire resistance burns away.
The foxfire hits the bullfrog!
The bullfrog is burned terribly!
You kill the bullfrog!
The foxfire hits the ogre.
The ogre is lightly wounded.
A centaur comes into view.
You have reached level 7!
The power to cast Portal Projectile wells up from within.
Spell assigned to 'h'.
Casting: Scorch (safe; 4% risk of failure)
Confirm with . or Enter, or press ? or * to list all spells.
You feel a surge of power!
Flames lash the ogre.
The ogre is heavily wounded.
The ogre's fire resistance burns away.
The centaur shouts!
The centaur wields a +0 shortbow.
The centaur shoots an arrow.
The arrow hits you.
Casting: Scorch (safe; 4% risk of failure)
Confirm with . or Enter, or press ? or * to list all spells.
You feel a surge of power!
You conjure some foxfire!
The centaur shoots an arrow.
The arrow hits you!
Found a bronze ring.
The foxfire hits the ogre.
The ogre is heavily wounded.
The foxfire hits the ogre.
The ogre is burned terribly!
The ogre is severely wounded.
Casting: Foxfire (safe; 3% risk of failure)
Confirm with . or Enter, or press ? or * to list all spells.
You feel a surge of power!
You conjure some foxfire!
The centaur shoots an arrow.
The arrow completely misses you. The ogre hits you with a +0 giant club!
* * * LOW HITPOINT WARNING * * *
The foxfire hits the ogre.
The ogre is burned terribly!
The ogre is almost dead.
The foxfire hits the ogre.
The ogre is burned terribly!
You kill the ogre!
Your Ranged Weapons skill increases to level 3!
Your Spellcasting skill increases to level 4!
The centaur shoots an arrow.
The arrow closely misses you.
The centaur shoots an arrow.
The arrow hits you!
You die...

#....§....#
..... .c.####.#
#..##........
.###............
.........##.#...
..#...)..#
.........#
..#......# .
#.....@#
#..........#
...#.?...###
..$...##.#
..=##. #.# #.#
## #.# .. ...
...


You could see a centaur.

Vanquished Creatures
  An ogre (D:7)
  A bullfrog (D:7)
  A hound (D:4)
  An orc priest (D:4)
  Jessica (D:2)
  9 gnolls
  7 adders
  3 dart slugs
  4 orcs
  5 bats
  3 endoplasms
  5 giant cockroaches
  7 goblins
  3 hobgoblins
  9 jackals
  3 kobolds
  2 quokkas (D:2)
  7 ball pythons
  2 frilled lizards
  8 rats
82 creatures vanquished.

Vanquished Creatures (collateral kills)
  A quokka (D:1)
1 creature vanquished.

Vanquished Creatures (others)
  156 foxfires
156 creatures vanquished.

Grand Total: 239 creatures vanquished

Notes
Turn   | Place    | Note
-------+----------+-------------------------------------------
     0 | D:1      | xian the Djinni Fire Elementalist began the quest for the
                  | Orb.
     0 | D:1      | xian set off with the following spells memorised: Foxfire,
                  | Scorch, Conjure Flame, Inner Flame, Flame Wave.
     0 | D:1      | Reached XP level 1. HP: 15/15 MP: 0/0
   371 | D:1      | Reached XP level 2. HP: 18/21 MP: 0/0
   940 | D:1      | Reached XP level 3. HP: 17/25 MP: 0/0
   940 | D:1      | Learned a level 1 spell: Summon Small Mammal
   955 | D:1      | Reached skill level 3 in Spellcasting
  1796 | D:2      | Reached XP level 4. HP: 24/31 MP: 0/0
  2065 | D:2      | Noticed Jessica
  2066 | D:2      | Found a faded altar of an unknown god.
  2071 | D:2      | Killed Jessica
  2173 | D:2      | Reached XP level 5. HP: 35/35 MP: 0/0
  2173 | D:2      | Learned a level 2 spell: Searing Ray
  2695 | D:2      | HP: 1/36 [gnoll/+0 club (4)]
  3161 | D:3      | Reached skill level 1 in Ranged Weapons
  3454 | D:3      | Found Fipeow's General Store.
  3645 | D:3      | Found a broken altar of Ashenzari.
  3658 | D:3      | Reached XP level 6. HP: 4/41 MP: 0/0
  4146 | D:3      | Reached skill level 1 in Fighting
  4722 | D:4      | You are sucked into a shaft and drop 3 floors!
  4722 | D:7      | Found a stormy altar of Qazlal.
  4724 | D:7      | Noticed an ogre
  4729 | D:7      | Reached XP level 7. HP: 38/47 MP: 0/0
  4729 | D:7      | Learned a level 3 spell: Portal Projectile
  4734 | D:7      | Reached skill level 4 in Spellcasting
  4735 | D:7      | Shot with an arrow by a centaur

Illustrated notes

Levels and vault maps discovered:
D:1:      dpeg_arrival_subterranean_lakeside_camping, layout_loops_ring
D:2:      layout_basic, hellmonk_ecumenical_altar_arch_garden,
          minmay_surrounded, uniq_jessica
D:3:      layout_loops_ring, cheibrodos_ashenzari_chains, serial_shops, shop,
          minmay_misc_feat_chi
D:4:      layout_basic, minmay_temple_entry_from_below_a
D:7:      layout_rooms, nicolae_qazlal_scattered_showers, gammafunk_ghost_icy,
          uniq_maggie, uniq_menkaure

Skill      XL: |  1  2  3  4  5  6  7 |
---------------+----------------------+-----
Spellcasting   | 3 4 |  4.0
Dodging        | 3 |  3.3
Stealth        | 2 |  2.3
Ranged Weapons | 1 2 3 |  3.1
Fighting       | 1 |  1.8
Short Blades   | |  0.3
Unarmed Combat | |  0.7

Action                   |  1- 3 |  4- 6 |  7- 9 || total
-------------------------+-------+-------+-------++-------
Melee: Unarmed           |    23 |       |       ||    23
       Dagger            |     5 |     2 |       ||     7
 Fire: Sling             |       |    80 |       ||    80
 Cast: Foxfire           |    51 |    46 |     2 ||    99
       Scorch            |     2 |     6 |     1 ||     9
       Summon Small Mamm |     1 |       |       ||     1
  Use: Scroll            |       |     3 |       ||     3
 Stab: Sleeping          |     1 |       |       ||     1
Armor: Robe              |    13 |    10 |       ||    23
       Chain mail        |       |    12 |       ||    12
Dodge: Dodged            |    30 |    55 |     2 ||    87
